 Dungeon Crawl Stone Soup version 0.24-a0-333-g864f2b5 (webtiles) character file.

Game seed: 15407429953481404620

2 MatthieuS the Grave Robber (level 1, 0/14 HPs)
             Began as a Centaur Necromancer on May 17, 2019.
             Slain by a goblin (1 damage)
             ... on level 1 of the Dungeon.
             The game lasted 00:01:07 (52 turns).

MatthieuS the Grave Robber (Centaur Necromancer)      Turns: 52, Time: 00:01:08

Health: 0/14       AC:  4    Str: 10    XL:     1   Next: 33%
Magic:  1/3        EV:  9    Int: 14    God:
Gold:   10         SH:  0    Dex:  9    Spells: 2/3 levels left

rFire    . . .     SeeInvis .   a - +0 short sword
rCold    . . .     Gourm    .   (no shield)
rNeg     . . .     Faith    .   c - +0 robe
rPois    .         Spirit   .   (no helmet)
rElec    .         Reflect  .   (no cloak)
rCorr    .         Harm     .   (no gloves)
MR       .....                  (no barding)
Stlth    +.........             (no amulet)
HPRegen  0.04/turn              (no ring)
MPRegen  0.08/turn              (no ring)

@: very quick
A: large, hooves 3, deformed body, speed 2, tough skin 3
a: no special abilities


You were on level 1 of the Dungeon.
You were not hungry.

You visited 1 branch of the dungeon, and saw 1 of its levels.

You collected 10 gold pieces.

Inventory:

Hand Weapons
 a - a +0 short sword (weapon)
   (You found it on level 1 of the Dungeon)
Armour
 c - a +0 robe (worn)
Scrolls
 b - a scroll of remove curse {unknown}
Comestibles
 e - a ration


   Skills:
 + Level 0.2 Fighting
 - Level 1.3 Dodging
 - Level 1.1 Stealth
 + Level 1.6 Spellcasting
 + Level 3.6 Necromancy


You had 2 spell levels left.
You knew the following spells:

 Your Spells              Type           Power        Failure   Level  Hunger
a - Pain                  Necr           ##..         5%          1    ##.....

Your spell library contained the following spells:

 Spells                   Type           Power        Failure   Level  Hunger
 Animate Skeleton         Necr           N/A          5%          1    ##.....
 Vampiric Draining        Necr           ##........   17%         3    ####...
 Regeneration             Chrm/Necr      #.........   34%         3    ####...
 Animate Dead             Necr           N/A          50%         4    #####..


Dungeon Overview and Level Annotations

Branches:
Dungeon (1/15)

Altars:


Innate Abilities, Weirdness & Mutations

You have hooves in place of feet.
Armour fits poorly on your strangely shaped body.
You cover ground very quickly.
You have extremely tough skin. (AC +3)


Message History

A goblin and a hobgoblin come into view.
The goblin shouts!
The hobgoblin shouts!
The goblin shouts!
The hobgoblin hits you but does no damage.
The goblin moves out of view.
Found 10 gold pieces and 16 arrows.
There is an open door here.
You closely miss the hobgoblin. The hobgoblin closely misses you.
You hit the hobgoblin but do no damage. The hobgoblin barely misses you.
You hit the hobgoblin but do no damage. The hobgoblin closely misses you.
You closely miss the hobgoblin. The hobgoblin closely misses you.
You hit the hobgoblin but do no damage. You barely miss the goblin.
The goblin hits you. The hobgoblin hits you.
Aim: a hobgoblin (chance to defeat MR: 80%)
The hobgoblin writhes in agony.
You kill the hobgoblin!
Aim: a goblin (chance to defeat MR: 80%)
You miscast Pain.
You are very lightly contaminated with residual magic.
The world around you seems to dim momentarily.
You hit the goblin. The goblin hits you.
You hit the goblin but do no damage. Your kick misses the goblin.
The goblin hits you.
* * * LOW HITPOINT WARNING * * *
You barely miss the goblin. The goblin barely misses you.
The goblin hits you but does no damage. The goblin hits you.
* * * LOW HITPOINT WARNING * * *
You miss the goblin. Your kick misses the goblin. The goblin hits you.
* * * LOW HITPOINT WARNING * * *
The goblin barely misses you.
You hit the goblin. The goblin closely misses you. The goblin hits you.
* * * LOW HITPOINT WARNING * * *
You barely miss the goblin. The goblin barely misses you. The goblin hits you.
* * * LOW HITPOINT WARNING * * *
You closely miss the goblin. You kick the goblin.
You kill the goblin!
The goblin hits you.
* * * LOW HITPOINT WARNING * * *
You see here a goblin corpse.
There is an open door here.
You close the door.
Something unseen opens the door.
You see here 10 gold pieces.
You now have 10 gold pieces.
Aim: a goblin (chance to defeat MR: 80%)
The goblin writhes in agony.
Aim: a goblin (severely wounded, chance to defeat MR: 80%)
The goblin barely resists.
You don't have enough magic to cast that spell.
Your magical contamination has completely faded away.
The goblin hits you.
You die...

### ##>## ##+##
######..(######...##
...................#
......⌠........g..#
..............@...#
####...######...##
#####'##### #####
#......g†.##
#..♣..<..♣..#
##.........##
###########


You could see a goblin.

Vanquished Creatures
  A goblin (D:1)
  A hobgoblin (D:1)
2 creatures vanquished.

Notes
Turn   | Place    | Note
-------+----------+-------------------------------------------
     0 | D:1      | MatthieuS the Centaur Necromancer began the quest for the
                  | Orb.
     0 | D:1      | Reached XP level 1. HP: 14/14 MP: 3/3
    52 | D:1      | Slain by a goblin

Levels and vault maps discovered:
D:1:      minmay_arrival_split_and_join, layout_basic, nrook_mini_vaults

Action                   || total
-------------------------++-------
Melee: Short sword       ||    13
       Kick              ||     1
 Cast: Pain              ||     3
Armor: Robe              ||     2
Dodge: Dodged            ||     8

Table legend:
 A = Non-vault XP
 B = Vault XP
 C = Vault XP percentage of total XP
 D = Non-vault monster count
 E = Vault monster count
 F = Vault count percentage of total count
                 A         B        C        D         E       F
            +---------+---------+-------+---------+---------+-------
      Total |       4 |       0 |   0.0 |       2 |       0 |   0.0
            +---------+---------+-------+---------+---------+-------
        D:1 |       4 |       0 |   0.0 |       2 |       0 |   0.0
            +---------+---------+-------+---------+---------+-------
